ITL
WABA DUCKS @ ALLENTOWN HILLBILLIES
05/01/2028
 
TOP OF THE 1ST
Waba Ducks batting - Pitching for Allentown Hillbillies : RHP Claudio Segura
Pitching: RHP Claudio Segura
Batting: LHB José Rodríguez 0-0: Ball
1-0: Ball
2-0: Ball
3-0: Base on Balls
Batting: RHB Pedro Molina 0-0: Called Strike
0-1: SINGLE (Groundball, 6MD)
José Rodríguez to second
Runner from 2nd tries for 3rd, SAFE, no throw
Batting: LHB Sammy Marshall 0-0: Ball
1-0: Foul Ball, location: 2F
1-1: Ball
2-1: Foul Ball, location: 2F
2-2: Foul Ball, location: 2F
2-2: Ball
Wild Pitch!
José Rodríguez scores
Pedro Molina to second
3-2: Foul Ball, location: 2F
3-2: Foul Ball, location: 2F
3-2: SINGLE (Groundball, 56S) (infield hit)
Pedro Molina to third
Batting: RHB Eduardo García 0-0: Called Strike
0-1: Foul Ball, location: 2F
0-2: Ball
1-2: Strikes out swinging
Batting: LHB Howard Evans 0-0: Called Strike
0-1: Ball
1-1: Called Strike
1-2: Foul Ball, location: 2F
1-2: Ball
2-2: Strikes out swinging
Batting: RHB Jeremy Flemming 0-0: Called Strike
0-1: Foul Ball, location: 2F
0-2: Ball
1-2: Strikes out swinging
Top of the 1st over - 1 run(s), 2 hit(s), 0 error(s), 2 left on base; Waba 1 - Allentown 0
BOTTOM OF THE 1ST
Allentown Hillbillies batting - Pitching for Waba Ducks : RHP Li-cong Sima
Pitching: RHP Li-cong Sima
Batting: RHB Dan Banks 0-0: Swinging Strike
0-1: Ball
1-1: Ground out 6-3 (Groundball, 6S)
Batting: RHB Germano Labrego 0-0: SOLO HOME RUN (Flyball, 7D), Distance : 360 ft
Batting: RHB José Mora 0-0: Ball
1-0: Called Strike
1-1: Ball
2-1: SOLO HOME RUN (Flyball, 9D), Distance : 365 ft
Batting: LHB John Hudson 0-0: Called Strike
0-1: Ball
1-1: Fly out, F4 (Popup, 4)
Batting: RHB António Yánez 0-0: Called Strike
0-1: Ball
1-1: Ball
2-1: SOLO HOME RUN (Flyball, 9D), Distance : 370 ft
Batting: RHB Albert Lutz 0-0: Swinging Strike
0-1: Foul Ball, location: 2F
0-2: Foul Ball, location: 2F
0-2: Strikes out swinging
Bottom of the 1st over - 3 run(s), 3 hit(s), 0 error(s), 0 left on base; Waba 1 - Allentown 3
TOP OF THE 2ND
Waba Ducks batting - Pitching for Allentown Hillbillies : RHP Claudio Segura
Batting: RHB Kelly Graham 0-0: Ball
1-0: Called Strike
1-1: Ground out 4-3 (Groundball, 4)
Batting: RHB Ángelo García 0-0: Called Strike
0-1: Ball
1-1: Ball
2-1: Ground out 4-3 (Groundball, 4)
Batting: LHB Fernando Cruz 0-0: Called Strike
0-1: Swinging Strike
0-2: Ball
1-2: Strikes out swinging
Top of the 2nd over - 0 run(s), 0 hit(s), 0 error(s), 0 left on base; Waba 1 - Allentown 3
BOTTOM OF THE 2ND
Allentown Hillbillies batting - Pitching for Waba Ducks : RHP Li-cong Sima
Batting: RHB Millard Stark 0-0: Called Strike
0-1: Swinging Strike
0-2: Foul Ball, location: 2F
0-2: Ball
1-2: DOUBLE (Flyball, 7LD)
Batting: RHB Justin Harris 0-0: Foul Ball, location: 2F
0-1: Ball
1-1: Called Strike
1-2: Foul Ball, location: 2F
1-2: Ball
2-2: Ball
3-2: Strikes out swinging
Batting: RHB Joel Jackson 0-0: Foul Ball, location: 2F
0-1: Ball
1-1: Swinging Strike
1-2: Ball
2-2: Ground out 5-3 (Groundball, 56)
Batting: RHB Dan Banks 0-0: Ball
1-0: Called Strike
1-1: Swinging Strike
1-2: Ball
Wild Pitch!
Millard Stark to third
2-2: Foul Ball, location: 2F
2-2: Ground out 4-3 (Groundball, 4)
Bottom of the 2nd over - 0 run(s), 1 hit(s), 0 error(s), 1 left on base; Waba 1 - Allentown 3
TOP OF THE 3RD
Waba Ducks batting - Pitching for Allentown Hillbillies : RHP Claudio Segura
Batting: LHB José Rodríguez 0-0: Called Strike
0-1: Foul Ball, location: 2F
0-2: Fly out, F9 (Flyball, 9LM)
Batting: RHB Pedro Molina 0-0: Called Strike
0-1: Swinging Strike
0-2: Ball
1-2: Ball
2-2: Ball
3-2: Fly out, F9 (Flyball, 89D)
Batting: LHB Sammy Marshall 0-0: Foul Ball, location: 2F
0-1: Called Strike
0-2: Foul Ball, location: 2F
0-2: Ball
1-2: Ball
2-2: Ball
3-2: Base on Balls
Batting: RHB Eduardo García 0-0: Called Strike
0-1: Foul Ball, location: 2F
0-2: Foul Ball, location: 2F
0-2: Ball
1-2: Ball
2-2: Ball
3-2: SINGLE (Line Drive, 34)
Sammy Marshall to second
Sammy Marshall to third
Batting: LHB Howard Evans 0-0: Foul Ball, location: 2F
0-1: Ball
1-1: Called Strike
1-2: Ball
2-2: Foul Ball, location: 2F
2-2: Foul Ball, location: 2F
2-2: Strikes out swinging
Top of the 3rd over - 0 run(s), 1 hit(s), 0 error(s), 2 left on base; Waba 1 - Allentown 3
BOTTOM OF THE 3RD
Allentown Hillbillies batting - Pitching for Waba Ducks : RHP Li-cong Sima
Batting: RHB Germano Labrego 0-0: Called Strike
0-1: Foul Ball, location: 2F
0-2: Strikes out swinging
Batting: RHB José Mora 0-0: Swinging Strike
0-1: Called Strike
0-2: Ball
1-2: Strikes out swinging
Batting: LHB John Hudson 0-0: Ball
1-0: Ball
2-0: Ball
3-0: Base on Balls
Batting: RHB António Yánez 0-0: Ball
1-0: Ball
2-0: Ball
3-0: Base on Balls
John Hudson to second
Batting: RHB Albert Lutz 0-0: Called Strike
0-1: Fly out, F4 (Popup, 4)
Bottom of the 3rd over - 0 run(s), 0 hit(s), 0 error(s), 2 left on base; Waba 1 - Allentown 3
TOP OF THE 4TH
Waba Ducks batting - Pitching for Allentown Hillbillies : RHP Claudio Segura
Batting: RHB Jeremy Flemming 0-0: Called Strike
0-1: Ball
1-1: Called Strike
1-2: Ground out 5-3 (Groundball, 56S)
Batting: RHB Kelly Graham 0-0: Ball
1-0: Swinging Strike
1-1: Called Strike
1-2: Strikes out swinging
Batting: RHB Ángelo García 0-0: Ball
1-0: Ball
2-0: Ball
3-0: Called Strike
3-1: Swinging Strike
3-2: Ground out 1-3 (Groundball, 15S)
Top of the 4th over - 0 run(s), 0 hit(s), 0 error(s), 0 left on base; Waba 1 - Allentown 3
BOTTOM OF THE 4TH
Allentown Hillbillies batting - Pitching for Waba Ducks : RHP Li-cong Sima
Batting: RHB Millard Stark 0-0: Fly out, F3 (Flyball, 3D)
Batting: RHB Justin Harris 0-0: Foul Ball, location: 2F
0-1: Ball
1-1: Called Strike
1-2: Ball
2-2: Ground out 5-3 (Groundball, 56S)
Batting: RHB Joel Jackson 0-0: Ground out U3 (Groundball, 3L)
Bottom of the 4th over - 0 run(s), 0 hit(s), 0 error(s), 0 left on base; Waba 1 - Allentown 3
TOP OF THE 5TH
Waba Ducks batting - Pitching for Allentown Hillbillies : RHP Claudio Segura
Batting: LHB Fernando Cruz 0-0: Ground out 4-3 (Groundball, 4M)
Batting: LHB José Rodríguez 0-0: Ball
1-0: Foul Ball, location: 2F
1-1: Swinging Strike
1-2: Ball
2-2: Ball
3-2: TRIPLE (Flyball, 78D)
Batting: RHB Pedro Molina 0-0: Called Strike
0-1: SINGLE (Groundball, 56D)
José Rodríguez scores
Pitching: RHP Jorge Ruíz
Batting: LHB Sammy Marshall 0-0: Fly out, F9 (Flyball, 9)
Batting: RHB Eduardo García 0-0: Ball
1-0: Fly out, F1 (Line Drive, 13)
Top of the 5th over - 1 run(s), 2 hit(s), 0 error(s), 1 left on base; Waba 2 - Allentown 3
BOTTOM OF THE 5TH
Allentown Hillbillies batting - Pitching for Waba Ducks : RHP Li-cong Sima
Batting: RHB Dan Banks 0-0: Swinging Strike
0-1: Ground out 6-3 (Groundball, 56)
Batting: RHB Germano Labrego 0-0: Fly out, F7 (Flyball, 7S)
Batting: RHB José Mora 0-0: Foul Ball, location: 2F
0-1: Foul Ball, location: 2F
0-2: SOLO HOME RUN (Flyball, 7D), Distance : 384 ft
Batting: LHB John Hudson 0-0: Ball
1-0: Called Strike
1-1: Called Strike
1-2: Ball
2-2: Ball
3-2: Base on Balls
Batting: RHB António Yánez 0-0: Ball
1-0: Ball
2-0: Fly out, F7 (Flyball, 78M)
Bottom of the 5th over - 1 run(s), 1 hit(s), 0 error(s), 1 left on base; Waba 2 - Allentown 4
TOP OF THE 6TH
Waba Ducks batting - Pitching for Allentown Hillbillies : RHP Jorge Ruíz
Batting: LHB Howard Evans 0-0: Ball
1-0: SINGLE (Groundball, 4MD)
Batting: RHB Jeremy Flemming 0-0: Called Strike
0-1: Foul Ball, location: 2F
0-2: Foul Ball, location: 2F
0-2: Ball
1-2: SINGLE (Flyball, 8RS)
Howard Evans to second
Batting: RHB Kelly Graham 0-0: Called Strike
0-1: Swinging Strike
0-2: Ball
1-2: Foul Ball, location: 2F
1-2: Ball
2-2: Ball
3-2: Strikes out swinging
Batting: RHB Ángelo García 0-0: Called Strike
Balk!
Howard Evans to third
Jeremy Flemming to second
0-1: Foul Ball, location: 2F
0-2: Strikes out swinging
Batting: LHB Fernando Cruz 0-0: SINGLE (Groundball, 4MD)
Howard Evans scores
Jeremy Flemming to third
Runner from 3rd tries for Home, SAFE, no throw
Pitching: LHP Nick Merrit
Batting: LHB José Rodríguez 0-0: Called Strike
0-1: Ball
1-1: Ball
2-1: Ball
3-1: SINGLE (Groundball, 34D)
Fernando Cruz to second
Runner from 2nd tries for 3rd, SAFE, throw made to third
Batting: RHB Pedro Molina 0-0: Called Strike
0-1: Foul Ball, location: 2F
0-2: Strikes out swinging
Top of the 6th over - 2 run(s), 4 hit(s), 0 error(s), 2 left on base; Waba 4 - Allentown 4
BOTTOM OF THE 6TH
Allentown Hillbillies batting - Pitching for Waba Ducks : RHP Li-cong Sima
Batting: RHB Albert Lutz 0-0: Fly out, F9 (Line Drive, 9S)
Batting: RHB Millard Stark 0-0: Swinging Strike
0-1: Ball
1-1: SINGLE (Line Drive, 56)
Batting: RHB Justin Harris 0-0: Swinging Strike
0-1: Ball
1-1: Foul Ball, location: 2F
1-2: Ball
2-2: Ball
3-2: Foul Ball, location: 2F
3-2: Base on Balls
Millard Stark to second
Batting: RHB Joel Jackson 0-0: Ball
1-0: Called Strike
1-1: Swinging Strike
1-2: Strikes out looking
Batting: RHB Dan Banks 0-0: Ball
1-0: Ball
2-0: Ball
Balk!
Millard Stark to third
Justin Harris to second
3-0: Called Strike
3-1: Fly out, F8 (Flyball, 8LM)
Bottom of the 6th over - 0 run(s), 1 hit(s), 0 error(s), 2 left on base; Waba 4 - Allentown 4
TOP OF THE 7TH
Waba Ducks batting - Pitching for Allentown Hillbillies : LHP Nick Merrit
Batting: LHB Sammy Marshall 0-0: Ball
1-0: Ball
2-0: Ball
3-0: Base on Balls
Pitching: RHP Dale Downs
Batting: RHB Eduardo García 0-0: Ball
1-0: Ball
2-0: Ball
3-0: Base on Balls
Sammy Marshall to second
Batting: LHB Howard Evans 0-0: Swinging Strike
0-1: Ball
1-1: Swinging Strike
1-2: Foul Ball, location: 2F
1-2: Ball
2-2: Ball
3-2: Fly out, F9 (Line Drive, 9D)
Runner from 2nd tags up, SAFE at 3rd, no throw
Batting: RHB Jeremy Flemming 0-0: Ball
1-0: Ball
2-0: Foul Ball, location: 2F
2-1: Foul Ball, location: 2F
2-2: Foul Ball, location: 2F
2-2: Ball
3-2: Fly out, F3 (Popup, 3L)
Batting: RHB Kelly Graham 0-0: Foul Ball, location: 2F
0-1: Ball
1-1: Swinging Strike
1-2: Ball
2-2: Strikes out swinging
Top of the 7th over - 0 run(s), 0 hit(s), 0 error(s), 2 left on base; Waba 4 - Allentown 4
BOTTOM OF THE 7TH
Allentown Hillbillies batting - Pitching for Waba Ducks : RHP Li-cong Sima
Pitching: RHP Esteban Gonzáles
Batting: RHB Germano Labrego 0-0: DOUBLE (Groundball, 5L)
Batting: RHB José Mora 0-0: Ball
1-0: Ball
2-0: Fly out, F7 (Line Drive, 7)
Batting: LHB John Hudson 0-0: Intentional Walk
Pinch Runner at 2nd Alfonso Ruíz:
Pinch Hitting: LHB Eduardo Rodríguez 0-0: Ball
1-0: Ball
2-0: Ball
3-0: Called Strike
3-1: Foul Ball, location: 2F
3-2: Grounds into double play, 4-6-3 (Groundball, 34)
Bottom of the 7th over - 0 run(s), 1 hit(s), 0 error(s), 1 left on base; Waba 4 - Allentown 4
TOP OF THE 8TH
Waba Ducks batting - Pitching for Allentown Hillbillies : RHP Dale Downs
Now at 1B: Rafael Flores
Now at SS: Donald Sanford
Batting: RHB Ángelo García 0-0: DOUBLE (Groundball, 3L)
Batting: LHB Fernando Cruz 0-0: Foul Ball, location: 2F
0-1: Ball
1-1: Ball
2-1: Ball
3-1: Base on Balls
Batting: LHB José Rodríguez 0-0: Called Strike
0-1: Bunt missed!
0-2: Ball
1-2: Ground out 4-3 (Groundball, 34D)
Ángelo García to third
Fernando Cruz to second
Batting: RHB Pedro Molina 0-0: Called Strike
0-1: Ball
1-1: Called Strike
1-2: Foul Ball, location: 2F
1-2: Strikes out looking
Batting: LHB Sammy Marshall 0-0: 3-RUN HOME RUN (Flyball, 89XD), Distance : 408 ft
Pitching: LHP Alberto Maldonado
Batting: RHB Eduardo García 0-0: Swinging Strike
0-1: Ball
1-1: Foul Ball, location: 2F
1-2: Ball
2-2: Foul Ball, location: 2F
2-2: Ball
3-2: Base on Balls
Batting: LHB Howard Evans 0-0: Foul Ball, location: 2F
0-1: Called Strike
0-2: SINGLE (Groundball, 4MD)
Eduardo García to second
Runner from 2nd tries for 3rd, OUT!
Top of the 8th over - 3 run(s), 3 hit(s), 0 error(s), 1 left on base; Waba 7 - Allentown 4
BOTTOM OF THE 8TH
Allentown Hillbillies batting - Pitching for Waba Ducks : RHP Esteban Gonzáles
Batting: RHB Albert Lutz 0-0: Ball
1-0: Ball
2-0: Foul Ball, location: 2F
2-1: Swinging Strike
2-2: Ball
3-2: Ground out 4-3 (Groundball, 4)
Batting: RHB Millard Stark 0-0: Foul Ball, location: 2F
0-1: Called Strike
0-2: Ground out 5-3 (Groundball, 5S)
Batting: RHB Justin Harris 0-0: Ball
1-0: Ball
2-0: Swinging Strike
2-1: Swinging Strike
2-2: Ball
3-2: Foul Ball, location: 2F
3-2: Foul Ball, location: 2F
3-2: Strikes out looking
Bottom of the 8th over - 0 run(s), 0 hit(s), 0 error(s), 0 left on base; Waba 7 - Allentown 4
TOP OF THE 9TH
Waba Ducks batting - Pitching for Allentown Hillbillies : LHP Alberto Maldonado
Batting: RHB Jeremy Flemming 0-0: Ball
1-0: Ball
2-0: Called Strike
2-1: Ball
3-1: Base on Balls
Pitching: LHP Emílio Trevino
Batting: RHB Kelly Graham 0-0: Ball
1-0: Ball
2-0: Called Strike
2-1: Sac Bunt - play at first, batter safe!
Jeremy Flemming to second
Pitching: LHP Alejandro Castillo
Batting: RHB Ángelo García 0-0: Fly out, F9 (Flyball, 89S)
Batting: LHB Fernando Cruz 0-0: Ball
1-0: Ball
2-0: Fly out, F9 (Flyball, 9LSF)
Batting: LHB José Rodríguez 0-0: Called Strike
0-1: Called Strike
0-2: Fly out, F6 (Line Drive, 6)
Top of the 9th over - 0 run(s), 1 hit(s), 0 error(s), 2 left on base; Waba 7 - Allentown 4
BOTTOM OF THE 9TH
Allentown Hillbillies batting - Pitching for Waba Ducks : RHP Esteban Gonzáles
Pitching: RHP Jim Nelson
Batting: RHB Joel Jackson 0-0: Ball
1-0: Called Strike
1-1: Called Strike
1-2: Strikes out swinging
Batting: RHB Dan Banks 0-0: Called Strike
0-1: Ball
1-1: SINGLE (Line Drive, 4MD)
Batting: LHB Rafael Flores 0-0: Ball
1-0: Ball
2-0: Foul Ball, location: 2F
2-1: Swinging Strike
2-2: Strikes out swinging
Batting: RHB José Mora 0-0: Called Strike
0-1: Called Strike
0-2: Strikes out swinging, 2-3 out at first.
Bottom of the 9th over - 0 run(s), 1 hit(s), 0 error(s), 1 left on base; Waba 7 - Allentown 4
Tuesday, August 8th, 2017 - OOTP Baseball 17.12 Build 75